 Dungeon Crawl Stone Soup version 0.31-a0-246-g8cbcc1cb85 (webtiles) character file.

Game seed: 11692244667484905141

5702 Pooter the Grappler (level 10, -5/100 HPs)
             Began as a Troll Shapeshifter on July 12, 2023.
             Slain by a yak (10 damage)
             ... on level 8 of the Dungeon.
             The game lasted 00:38:52 (8423 turns).

Pooter the Grappler (Troll Shapeshifter)            Turns: 8423, Time: 00:38:52

Health: -5/100     AC:  6    Str: 29    XL:     10   Next: 48%
Magic:  9/9        EV: 10    Int:  4    God:
Gold:   79         SH:  0    Dex: 15    Spells: 9/9 levels left

rFire   . .          .
                       - Unarmed
rCold   . . .        (no shield)
rNeg    + . .        l - +2 robe of Life {-Tele Dex+5 Slay+2}
rPois   .            K - melded +2 hat
rElec   .            (cloak currently unavailable)
rCorr   .            (gloves unavailable)
SInv    .            (boots unavailable)
Will    +....        J - amulet of the acrobat
Stlth   +            N - ring of positive energy
HPRegen 1.16/turn    z - ring of willpower
MPRegen 0.11/turn

%: no teleportation, acrobat
@: lethally poisoned (-5 -> -8), beast-form
A: beast (slay +4), large, unfitting armour, claws 3, regeneration 1, shaggy fur
1, tough skin 1
a: no special abilities


You were on level 8 of the Dungeon.
You were a hulking beast.
You visited 2 branches of the dungeon, and saw 9 of its levels.

You collected 345 gold pieces.
You spent 266 gold pieces at shops.

Inventory:

Hand Weapons
 b - a +2 sling of draining
   (You found it on level 1 of the Dungeon)
 i - a +3 trident of freezing
   (You took it off a wight on level 6 of the Dungeon)
 E - a +2 flail of holy wrath
   (You took it off Edmund on level 4 of the Dungeon)
 P - the +7 spear of the End {heavy, rN+ Int+4 Stlth-}
   (You found it on level 7 of the Dungeon)

   Int:       It affects your intelligence (+4).
   rN:        It protects you from negative energy.
   Stlth:     It makes you less stealthy.
Missiles
 m - 5 large rocks
 L - 14 poisoned darts
 M - 2 javelins
 Q - 111 stones (quivered)
Armour
 h - a +0 animal skin
 l - the +2 robe of Life (worn) {-Tele Dex+5 Slay+2}
   (You bought it in a shop on level 2 of the Dungeon)

   Dex:       It affects your dexterity (+5).
   Slay:      It affects your accuracy & damage with ranged weapons and melee
   (+2).
   -Tele:     It prevents most forms of teleportation.
 K - a +2 hat (melded)
   (You bought it in a shop on level 2 of the Dungeon)
Jewellery
 q - a ring of ice
   (You found it on level 1 of the Dungeon)
 z - a ring of willpower (right claw)
   (You found it on level 3 of the Dungeon)
 G - an amulet of guardian spirit
   (You found it on level 7 of the Dungeon)
 H - a ring of willpower
   (You found it on level 5 of the Dungeon)
 J - an amulet of the acrobat (around neck)
   (You found it on level 5 of the Dungeon)
 N - a ring of positive energy (left claw)
   (You found it on level 3 of the Dungeon)
Talismans
 c - a beast talisman
 B - a maw talisman
   (You found it on level 4 of the Dungeon)
Wands
 f - a wand of flame (26)
   (You found it on level 4 of the Dungeon)
 D - a wand of light (6)
   (You took it off Ijyb on level 4 of the Dungeon)
 S - a wand of mindburst (14)
   (You found it on level 8 of the Dungeon)
Scrolls
 a - 2 scrolls of enchant weapon
 k - 3 scrolls of amnesia
 r - a scroll of enchant armour
 t - 7 scrolls of teleportation {@r4}
 u - a scroll of blinking {unknown}
 y - 2 scrolls of revelation
 A - a scroll of brand weapon {unknown}
 F - a scroll of vulnerability {unknown}
 I - a scroll of fear {unknown}
 O - a scroll of immolation {unknown}
Potions
 d - 2 potions of brilliance {unknown}
 e - a potion of haste {unknown}
 g - a potion of resistance {unknown}
 j - a potion of berserk rage {unknown}
 n - 4 potions of degeneration {unknown}
 o - 3 potions of curing {unknown}
 p - a potion of might {unknown}
 s - 2 potions of heal wounds {unknown}
 v - a potion of magic {unknown}
 x - 2 potions of lignification {!q}
 C - 2 potions of mutation {unknown}
 R - a potion of cancellation {unknown}


   Skills:
 + Level 6.3 Fighting
 + Level 3.6 Ranged Weapons
 - Level 1.5 Dodging
 * Level 10.7 Unarmed Combat
 + Level 6.9 Shapeshifting


You had 9 spell levels left.
You didn't know any spells.
Your spell library contained the following spells:

 Spells                   Type           Power      Damage    Failure   Level
 Dazzling Flash           Conj/Hex       0%         N/A       86%         3
 Volatile Blastmotes      Fire/Tloc      0%         2d10      86%         3
 Agony                    Necr           0%         N/A       100%        5
 Silence                  Hex/Air        0%         N/A       100%        5
 Starburst                Conj/Fire      0%         6d3       100%        6
 Maxwell's Capacitive Co  Air            0%         ∞         100%        8


Dungeon Overview and Level Annotations

Branches:
Dungeon (8/15) Zot: 26100  Temple (1/1) D:6 Zot: 5920
   Lair: D:8-11

Altars:
Cheibriados
Dithmenos
Elyvilon
Fedhas
Gozag
Hepliaklqana
Makhleb
Nemelex Xobeh
Ru
Trog
Uskayaw
Wu Jian
Yredelemnul
Zin
The Shining One

Shops:
D:2 [

Annotations:
D:3 2 transporters, pigah's ghost, amateur OpWn
D:6 1 runed translucent door


Innate Abilities, Weirdness & Mutations

You are a hulking beast.
Your limbs bulge with bestial killing power. (Slay +4)
You are too large for most types of armour.
You have claws for hands.
Your natural rate of healing is unusually fast.
You are covered in fur. (AC +1)
You have tough skin. (AC +1)


Message History

Really read the scroll of poison?
The air fills with toxic fumes!
As you read the scroll of poison {!r}, it crumbles to dust.
The killer bee closely misses you.
The wyvern bites the fungus!
The fungus begins to die.
A water moccasin comes into view.
The wyvern hisses menacingly.
The wyvern bites you. The killer bee barely misses you.
The water moccasin hisses angrily.
You mangle the yak!! The wyvern bites you. The killer bee closely misses you.
The yak is engulfed in poison gas.
The yak is poisoned.
The yak gores you.
The yak is engulfed in poison gas.
The yak is poisoned.
The wyvern is engulfed in poison gas.
The wyvern is poisoned.
You mangle the yak!!
You kill the yak!
The killer bee stings you but does no damage.
The wyvern barely misses you.
The wyvern looks even sicker.
The killer bee stings you.
You are poisoned.
The killer bee poisons you!
The yak is engulfed in poison gas.
The yak looks even sicker.
The wyvern bites you!
You mangle the wyvern!!
You feel sick. The killer bee stings you.
The wyvern is engulfed in poison gas.
The wyvern looks even sicker.
The wyvern bites you!
* * * LOW HITPOINT WARNING * * *
Unknown command.
You claw the killer bee!
You feel sick. The killer bee misses you.
The wyvern is engulfed in poison gas.
The wyvern looks as sick as possible!
The wyvern bites you.
* * * LOW HITPOINT WARNING * * *
The wyvern bites you!
* * * LOW HITPOINT WARNING * * *
The killer bee barely misses you.
You eviscerate the wyvern!!!
You kill the wyvern!
You feel sick.
The killer bee stings you but does no damage.
The wyvern is engulfed in poison gas.
The wyvern looks as sick as possible!
The wyvern bites you.
* * * LOW HITPOINT WARNING * * *
The yak is engulfed in poison gas.
The yak looks even sicker.
The killer bee barely misses you.
The wyvern is engulfed in poison gas.
The wyvern looks as sick as possible!
The wyvern bites you!
* * * LOW HITPOINT WARNING * * *
You claw the wyvern!
You feel sick.
A nearby fungus withers and dies.
The killer bee stings you.
* * * LOW HITPOINT WARNING * * *
You are more poisoned.
The killer bee poisons you! The yak gores you!
You die...

.........##............
.........##§§§.§§§.....
###.##..####§§.§§§....
#...#..##§##§§##§§....
##.....##☼§§§§§§§##.#
#..#...#.§§§§§§§§#
#..#.....§§§§§§§§##
#..#.#...###§§§☼§§#
##..[#.###....#§h§#
.).))...<.....#Yly§§§§§§
.........#...§§S☼☼#§§§§§
##..#..##..§§§§§☼##.§§§§
##..#....§§##..§§P .§§§
##.....###..§§.§§§ .#☼§
......# §§§§§☼☼ ##
........ §§§☼§P§§§
.........


You could see a yak (very poisoned), a water moccasin, a wyvern (extremely
poisoned) and a killer bee.

Vanquished Creatures
  A two-headed ogre (D:8)
  Pikel (D:6)
  An ugly thing (D:7)
  Joseph (D:8)
  Prince Ribbit (D:8)
  Grinder (D:4)
  3 yaks (D:8)
  A wyvern (D:8)
  2 basilisks (D:8)
  A steam dragon (D:5)
  Edmund (D:4)
  2 water moccasins (D:8)
  Duvessa (D:6)
  A black bear (D:5)
  2 ogres
  2 centaurs
  2 lemures (D:6)
  2 phantoms
  A kobold brigand (D:6)
  5 scorpions
  8 wights
  Dowan (D:6)
  2 howler monkeys
  A hound (D:5)
  A jelly (D:8)
  3 orc priests
  A gnoll bouda (D:6)
  Ijyb (D:4)
  3 orc wizards
  3 sleepcaps
  6 iguanas
  8 adders
  3 shadow imps
  2 white imps
  An ufetubus (D:5)
  2 worms (D:2)
  2 dart slugs (D:3)
  14 orcs
  7 endoplasms
  7 giant cockroaches
  8 goblins
  9 hobgoblins
  7 jackals
  17 kobolds
  3 quokkas
  9 ball pythons
  4 bats
  3 frilled lizards
  2 goblin skeletons (D:7)
  3 hobgoblin zombies (D:7)
  An orc skeleton (D:7)
  2 orc zombies (D:7)
  4 rats
180 creatures vanquished.

Notes
Turn   | Place    | Note
-------+----------+-------------------------------------------
     0 | D:1      | Pooter the Troll Shapeshifter began the quest for the Orb.
     0 | D:1      | Reached XP level 1. HP: 19/19 MP: 0/0
   148 | D:1      | Reached XP level 2. HP: 28/28 MP: 1/1
   598 | D:1      | Reached XP level 3. HP: 35/35 MP: 2/2
   838 | D:1      | Reached skill level 3 in Unarmed Combat
  1256 | D:2      | Found a transporter.
  1258 | D:2      | Found Simpus's Antique Armour Shop.
  1260 | D:2      | Found a transporter.
  1545 | D:2      | Bought a steaming robe for 119 gold pieces
  1545 | D:2      | Identified the +2 robe of Life {-Tele Dex+5 Slay+2} (You
                  | bought it in a shop on level 2 of the Dungeon)
  1597 | D:3      | Reached XP level 4. HP: 42/42 MP: 3/3
  1800 | D:3      | Found a hazy altar of Hepliaklqana.
  1868 | D:3      | Found a transporter.
  1868 | D:3      | Noticed pigah's ghost (amateur OpWn)
  1875 | D:3      | Found a transporter.
  2539 | D:4      | Noticed an ogre
  2560 | D:4      | Reached skill level 4 in Unarmed Combat
  2560 | D:4      | Reached XP level 5. HP: 50/50 MP: 4/4
  2620 | D:4      | Noticed Ijyb
  2625 | D:4      | Killed Ijyb
  2725 | D:4      | Noticed Edmund
  2730 | D:4      | Killed Edmund
  2731 | D:4      | Reached XP level 6. HP: 61/61 MP: 5/5
  2787 | D:4      | Reached skill level 5 in Unarmed Combat
  2798 | D:4      | Noticed Grinder
  2804 | D:4      | Killed Grinder
  2805 | D:4      | Reached XP level 7. HP: 67/67 MP: 6/6
  3406 | D:4      | Reached skill level 6 in Unarmed Combat
  3542 | D:5      | Entered Level 5 of the Dungeon
  3601 | D:5      | Noticed a steam dragon
  3606 | D:5      | Killed a steam dragon
  3762 | D:5      | Reached XP level 8. HP: 78/78 MP: 7/7
  3810 | D:5      | Reached skill level 7 in Unarmed Combat
  3867 | D:5      | Reached skill level 5 in Shapeshifting
  4259 | D:2      | Bought a runed hat for 147 gold pieces
  5030 | D:6      | Reached skill level 1 in Ranged Weapons
  5125 | D:6      | Found a runed translucent door.
  5135 | D:6      | Noticed Duvessa
  5135 | D:6      | Noticed Dowan
  5139 | D:6      | Killed Duvessa
  5142 | D:6      | Killed Dowan
  5143 | D:6      | Reached skill level 8 in Unarmed Combat
  5157 | D:6      | Noticed Pikel
  5168 | D:6      | Killed Pikel
  5169 | D:6      | Reached skill level 5 in Fighting
  5169 | D:6      | Reached XP level 9. HP: 85/88 MP: 8/8
  5187 | D:6      | Found a staircase to the Ecumenical Temple.
  5198 | Temple   | Entered the Ecumenical Temple
  5934 | D:7      | Noticed a white ugly thing
  5946 | D:7      | Killed a white ugly thing
  5947 | D:7      | Reached skill level 9 in Unarmed Combat
  6179 | D:6      | Found a white marble altar of Elyvilon.
  6179 | D:6      | Found a snail-covered altar of Cheibriados.
  7357 | D:7      | Found a glowing golden altar of the Shining One.
  7369 | D:7      | Identified the +7 spear of the End {heavy, rN+ Int+4
                  | Stlth-}
  7633 | D:8      | Noticed Prince Ribbit
  7638 | D:8      | Killed Prince Ribbit
  7669 | D:8      | Identified the +4 falchion "Ijure" {heavy, rCorr Str+4
                  | Int+2}
  7708 | D:8      | Noticed a two-headed ogre
  7734 | D:8      | Killed a two-headed ogre
  7735 | D:8      | Reached skill level 10 in Unarmed Combat
  7735 | D:8      | Reached XP level 10. HP: 45/98 MP: 9/9
  8059 | D:8      | Found a blossoming altar of Fedhas.
  8107 | D:8      | Noticed Joseph
  8122 | D:8      | Killed Joseph
  8423 | D:8      | HP: 5/100 [killer bee (1)]
  8423 | D:8      | Slain by a yak

Illustrated notes

Levels and vault maps discovered:
D:1:      psy_arrival_radial02, layout_basic, minmay_pentomino_r2
D:2:      minmay_inner_zag, layout_rooms, serial_shops, nicolae_shop_drivethru
D:3:      layout_loops_cross, mainiacjoe_overflow_alcove_1,
          gammafunk_ghost_mausoleum, amcnicky_mini_pool_small
D:4:      layout_basic, serial_co_window_serial, co_window_paths_a,
          co_window_paths_a, co_window_corner_a, co_window_cross_1,
          co_window_paths_b, co_window_of_opportunity_b, co_window_2corner,
          co_window_broadway_b, co_window_4corner_a, co_window_paths_e,
          glass_columns_a, glass_columns_a, glass_columns_a, glass_columns_c,
          uniq_ijyb, uniq_grinder, uniq_edmund
D:5:      layout_basic
D:6:      layout_basic, nicolae_overflow_hidden_temple,
          minmay_temple_entry_glass, st_stairs_9, lightli_church_of_beogh,
          uniq_pikel, uniq_duvessa
D:7:      layout_rooms, nicolae_tso_besieged_by_evil
D:8:      layout_cave_pools, palyth_temple_overflow_mages,
          fedhas_altar_fruit_tree, minmay_lair_entry_grove, uniq_prince_ribbit1,
          uniq_joseph
Temple:   cyrus_temple_forest

Skill      XL: |  1  2  3  4  5  6  7  8  9 10 |
---------------+-------------------------------+-----
Fighting       | 2 3 4 5 6 |  6.3
Unarmed Combat | 3 4 5 6 8 10 | 10.7
Shapeshifting  | 4 5 6 |  6.9
Ranged Weapons | 1 3 |  3.6
Dodging        | |  1.5

Action                     |  1- 3 |  4- 6 |  7- 9 | 10-12 || total
---------------------------+-------+-------+-------+-------++-------
  Melee: Unarmed           |    35 |    19 |    64 |    26 ||   144
         Punch             |       |       |     1 |     1 ||     2
   Fire: Sling             |    91 |    48 |   167 |    35 ||   341
  Throw: Stone             |     8 |       |       |       ||     8
  Evoke: Wand              |       |     3 |     2 |       ||     5
    Use: Scroll            |       |     2 |     4 |     1 ||     7
   Stab: Sleeping          |       |     1 |       |       ||     1
         Invisible         |       |       |     2 |       ||     2
 Armour: Animal skin       |    24 |       |       |       ||    24
         Robe              |       |     7 |    20 |    12 ||    39
  Dodge: Dodged            |    30 |    10 |    33 |    21 ||    94
         Form:             |     1 |       |     1 |       ||     2
         Beast             |     1 |       |     1 |       ||     2

Table legend: (Time is in decaauts)
 A = Elapsed time spent in this place.
 B = Non-inter-level travel time spent in this place.
 C = Inter-level travel time spent in this place.
 D = Time resting spent in this place.
 E = Time spent auto-exploring this place.
 F = Levels seen in this place.
 G = Mean time per level.
                   A        B        C        D        E       F      G
               +--------+--------+--------+--------+--------+-----+--------+
         Total |   8486 |   7872 |    614 |   2360 |   4226 |   9 |  942.9 |
       Dungeon |   8406 |   7816 |    590 |   2360 |   4179 |   8 | 1050.8 |
        Temple |     79 |     55 |     24 |      0 |     47 |   1 |   79.0 |
               +--------+--------+--------+--------+--------+-----+--------+

Top non-repeatable levels by time:
     D:7: 1585 daAuts
     D:6: 1225 daAuts
     D:4: 1164 daAuts
     D:3: 1002 daAuts
     D:1: 972 daAuts
     D:8: 899 daAuts
     D:5: 889 daAuts
     D:2: 667 daAuts
  Temple: 79 daAuts
